 Seeded DCSS version 0.30.0-15-g856e2d3f33 (webtiles) character file.

Game seed: 12735965570273765983 (custom seed)

2081 Pimp the Shooter (level 9, -2/78 HPs)
             Began as a Kobold Hexslinger on May 19, 2023.
             Succumbed to a hornet's poison
             ... on level 7 of the Dungeon.
             The game lasted 00:16:49 (6056 turns).

Pimp the Shooter (Kobold Hexslinger)                Turns: 6056, Time: 00:16:50

Health: -2/78      AC: 24    Str:  7 (8)  XL:     9   Next: 51%
Magic:  15/15      EV:  3    Int: 23      God:
Gold:   315        SH:  7    Dex: 18      Spells: 12/16 levels left

rFire   . . .        g - +4 dagger (speed)
rCold   . . .        d - +2 buckler "Bihot" {rCorr Str+2}
rNeg    . . .        c - melded +0 robe
rPois   +            m - melded +0 helmet
rElec   .            (cloak currently unavailable)
rCorr   +            i - melded +2 pair of gloves
SInv    .            l - melded +0 pair of boots
Will    .....        (no amulet)
Stlth   ++++         e - ring of Modesty {EV+5 Int+4}
HPRegen 0.33/turn    (no ring)
MPRegen 0.14/turn

%: no passive effects
@: mighty, lethally poisoned (-2 -> -10), tree-form, slowed, very slow
A: stationary, stasis, torment immunity, boosted hp, small, no large weapons,
nightstalker 3, clever 1, deterioration 1, sense surroundings 1, MP-powered
wands
a: no special abilities


You were on level 7 of the Dungeon.
You were a tree.
You visited 1 branch of the dungeon, and saw 6 of its levels.

You collected 315 gold pieces.

Inventory:

Hand Weapons
 a - a +2 sling of freezing
 g - a +4 dagger of speed (weapon)
 p - a +3 dagger
Armour
 c - a +0 robe (melded)
 d - the +2 buckler "Bihot" (worn) {rCorr Str+2}
   (You acquired it on level 1 of the Dungeon)

   Str:       It affects your strength (+2).
   rCorr:     It protects you from acid and corrosion.
 i - a +2 pair of gloves (melded)
 l - a +0 pair of boots (melded)
 m - a +0 helmet (melded)
 r - a +2 scale mail of fire resistance
Jewellery
 e - the ring of Modesty (left branch) {EV+5 Int+4}
   (You acquired it on level 1 of the Dungeon)

   [ring of evasion]

   EV:        It affects your evasion (+5).
   Int:       It affects your intelligence (+4).
 o - a ring of positive energy
Wands
 j - a wand of digging (1)
 t - a wand of iceblast (11) (quivered)
Scrolls
 b - a scroll of poison
 u - 3 scrolls of teleportation
 x - 2 scrolls of identify
Potions
 s - a potion of berserk rage {unknown}
 v - a potion of heal wounds {unknown}


   Skills:
 + Level 4.4 Fighting
 + Level 2.9 Short Blades
 + Level 6.0 Ranged Weapons
 + Level 2.6 Armour
 + Level 5.3 Dodging
 + Level 4.6 Stealth
 + Level 2.8 Shields
 + Level 4.1 Spellcasting
 + Level 5.0 Hexes
 + Level 3.2 Fire Magic


You had 12 spell levels left.
You knew the following spells:

 Your Spells              Type           Power      Damage    Failure   Level
a - Slow                  Hex            100%       N/A       1%          1
b - Inner Flame           Hex/Fire       24%        N/A       9%          3

Your spell library contained the following spells:

 Spells                   Type           Power      Damage    Failure   Level
 Confusing Touch          Hex            28%        N/A       6%          3
 Summon Small Mammal      Summ           16%        N/A       17%         1
 Portal Projectile        Hex/Tloc       32%        N/A       19%         3
 Summon Guardian Golem    Hex/Summ       16%        N/A       19%         3
 Cause Fear               Hex            14%        N/A       21%         4
 Lesser Beckoning         Tloc           8%         N/A       26%         2
 Sublimation of Blood     Necr           4%         N/A       26%         2
 Wereblood                Tmut           4%         N/A       26%         2
 Call Canine Familiar     Summ           4%         N/A       45%         3
 Gell's Gravitas          Tloc           4%         N/A       45%         3
 Teleport Other           Tloc           4%         N/A       45%         3
 Vampiric Draining        Necr           4%         2d6       45%         3
 Summon Hydra             Summ           2%         N/A       100%        7
 Chain Lightning          Conj/Air       2%         3d2       100%        9
 Fire Storm               Conj/Fire      6%         8d2       100%        9
 Shatter                  Erth           2%         3d6*      100%        9


Dungeon Overview and Level Annotations

Branches:
Dungeon (7/15)
 Temple: D:4-7

Altars:
Dithmenos
Fedhas
Hepliaklqana
Qazlal
Vehumet


Innate Abilities, Weirdness & Mutations

You are a tree.
Your roots penetrate the ground, keeping you stationary.
You cannot be teleported.
You are immune to unholy pain and torment.
Your maximum health is greatly increased.
Your equipment is partially melded.
You are small and have problems with some larger weapons.
You are completely attuned to the shadows.
Your mind is acute. (Int +4, Str/Dex -1)
Your body sometimes deteriorates upon taking damage.
You passively map a small area around you.
You expend magic power (3 MP) to strengthen your wands.


Message History

Okay, then.
It was a potion of mutation.
You feel extremely strange.
You feel clever.
You feel yourself wasting away.
You feel a strange attunement to the structure of the dungeons.
You feel your magical essence link to the dungeon's wands.
The hornet stings you!
You feel yourself slow down.
You shoot a sling bullet. The sling bullet hits the hornet.
The sling bullet freezes the hornet.
The hornet is moderately wounded.
You feel yourself speed up. The hornet stings you.
You feel yourself slow down. The hornet stings you.
You feel as though you will be slow longer.
You shoot a sling bullet. The sling bullet hits the hornet.
The sling bullet freezes the hornet.
The hornet is moderately wounded.
You block the hornet's attack. The hornet closely misses you.
Your +2 sling of freezing stops glowing.
Your hands tingle!
g - a +4 dagger of speed (weapon)
The hornet stings you.
* * * LOW HITPOINT WARNING * * *
You feel as though you will be slow longer.
You closely miss the hornet.
The hornet is moderately wounded.
The hornet stings you!
* * * LOW HITPOINT WARNING * * *
Your body deteriorates!
You feel weakened.
You are lethally poisoned!
You feel as though you will be slow longer.
It was a potion of lignification.
You turn into a tree.
Your +0 helmet melds into your body.
Your +2 pair of gloves melds into your body.
Your +0 pair of boots melds into your body.
Your +0 robe melds into your body.
Your roots penetrate the ground.
* * * LOW HITPOINT WARNING * * *
You feel very sick.
The hornet stings you but does no damage.
It was a potion of might.
You feel very mighty all of a sudden.
You die...

#.# #.....##.##.##.###...
#.# ####.##..#..#..# #.
** #.# #.##..#..#..# #.#
, #.# #.##..#..#..#.##.#
*
#.######.....#.....#.....
*,
#.##......##########..#..
#.##)###.##,* ##.#.#<.# ,
* #.##.# #y# , #..#.....
#.##.# #♣# #####.###..#
####.##.# #.#*
*#......#.#.# , ........#
#.# #.#####.##.#
####.#### #.##.*#.#
####.# *
####.######.##.##.# #.#
.......... #.##.# #.#
####.###### #.##.#### #.#
#.##...####....<... ,
#..............####** *


You could see a hornet (slow).

Vanquished Creatures
  Maggie (D:7)
  Eustachio (D:6)
  Edmund (D:6)
  An orc warrior (D:7)
  An ice beast (D:7)
  A sky beast (D:7)
  2 bullfrogs
  5 scorpions
  4 wights (D:7)
  A howler monkey (D:7)
  A jelly (D:6)
  An orc priest (D:6)
  3 hounds (D:6)
  3 sleepcaps
  Jessica (D:3)
  Terence (D:2)
  An iguana (D:6)
  2 orc wizards (D:6)
  6 adders
  3 gnolls (D:7)
  A shadow imp (D:7)
  A white imp (D:6)
  2 ufetubi (D:6)
  A worm (D:2)
  A dart slug (D:3)
  27 orcs
  8 ball pythons
  7 bats
  4 endoplasms
  2 giant cockroaches
  8 goblins
  5 hobgoblins
  7 jackals
  6 kobolds
  6 quokkas
  4 frilled lizards
  5 rats
135 creatures vanquished.

Vanquished Creatures (others)
  An orc wizard (D:6)
1 creature vanquished.

Grand Total: 136 creatures vanquished

Notes
Turn   | Place    | Note
-------+----------+-------------------------------------------
     0 | D:1      | Pimp the Kobold Hexslinger began the quest for the Orb.
     0 | D:1      | Reached XP level 1. HP: 12/12 MP: 2/2
    17 | D:1      | Identified a scroll of acquirement
    17 | D:1      | Acquired the +2 buckler "Bihot" {rCorr Str+2}
    67 | D:1      | Reached XP level 2. HP: 16/16 MP: 3/3
   195 | D:1      | Reached skill level 3 in Ranged Weapons
   357 | D:1      | Reached XP level 3. HP: 14/20 MP: 5/5
   463 | D:1      | Acquired the ring of Modesty {EV+5 Int+4}
   873 | D:2      | Reached XP level 4. HP: 19/26 MP: 6/6
  1238 | D:2      | Found a stormy altar of Qazlal.
  1254 | D:2      | Noticed Terence
  1394 | D:2      | Killed Terence
  1880 | D:3      | Noticed Jessica
  1881 | D:3      | Killed Jessica
  1882 | D:3      | Reached XP level 5. HP: 31/31 MP: 8/8
  2750 | D:4      | Found a radiant altar of Vehumet.
  2871 | D:4      | Learned a level 3 spell: Inner Flame
  2879 | D:4      | Found a blossoming altar of Fedhas.
  2885 | D:4      | Found a hazy altar of Hepliaklqana.
  2922 | D:4      | Found a shadowy altar of Dithmenos.
  3060 | D:4      | You fall into a shaft and drop 2 floors!
  3102 | D:6      | Reached skill level 4 in Ranged Weapons
  3102 | D:6      | Reached XP level 6. HP: 36/36 MP: 6/9
  3170 | D:6      | Reached skill level 1 in Shields
  3367 | D:6      | Noticed Eustachio
  3384 | D:6      | Reached skill level 1 in Stealth
  3388 | D:6      | Reached skill level 1 in Armour
  3388 | D:6      | Reached skill level 1 in Fire Magic
  3388 | D:6      | Reached XP level 7. HP: 40/40 MP: 9/11
  3414 | D:6      | Killed Eustachio
  3486 | D:6      | HP: 2/41 [orc wizard/magic dart (6)]
  3873 | D:6      | Noticed Edmund
  4092 | D:6      | Killed Edmund
  4093 | D:6      | Reached XP level 8. HP: 27/46 MP: 12/12
  4218 | D:6      | Reached skill level 5 in Ranged Weapons
  4696 | D:6      | Reached skill level 1 in Short Blades
  5067 | D:7      | Noticed Maggie
  5076 | D:7      | Paralysed by Maggie for 2 turns
  5104 | D:7      | Paralysed by Maggie for 4 turns
  5117 | D:7      | Killed Maggie
  5274 | D:7      | Reached XP level 9. HP: 52/52 MP: 14/14
  5508 | D:7      | Reached skill level 5 in Dodging
  5878 | D:7      | Reached skill level 5 in Hexes
  5897 | D:7      | Reached skill level 6 in Ranged Weapons
  6040 | D:7      | Noticed a hornet
  6042 | D:7      | Paralysed by a hornet for 1 turns
  6050 | D:7      | Gained mutation: Your mind is acute. (Int +4, Str/Dex -1)
                  | [potion of mutation]
  6050 | D:7      | Gained mutation: Your body sometimes deteriorates upon
                  | taking damage. [potion of mutation]
  6050 | D:7      | Gained mutation: You passively map a small area around you.
                  | [potion of mutation]
  6050 | D:7      | Gained mutation: You expend magic power (3 MP) to
                  | strengthen your wands. [potion of mutation]
  6055 | D:7      | HP: 1/78 [poisoned by a hornet]
  6056 | D:7      | Succumbed to a hornet's poison

Illustrated notes

Levels and vault maps discovered:
D:1:      dpeg_arrival_long_road, layout_loops_cross, hex_tiny
D:2:      minmay_evil_eye, layout_basic, basic_altar, minmay_ruptured,
          uniq_terence
D:3:      layout_loops_ring, minmay_surrounded, uniq_jessica
D:4:      layout_cave_pools, mainiacjoe_overflow_brackets,
          mainiacjoe_overflow_24_doors, mainiacjoe_overflow_catwalk, minitemple
D:6:      old_forge, layout_loops_corners, uniq_edmund, uniq_eustachio
D:7:      minmay_angry_zag, layout_loops_ring, mainiacjoe_overflow_alcove_2,
          uniq_maggie

Skill      XL: |  1  2  3  4  5  6  7  8  9 |
---------------+----------------------------+-----
Ranged Weapons | 3 4 5 6 |  6.0
Dodging        | 3 4 5 |  5.3
Fighting       | 2 3 4 |  4.4
Spellcasting   | 2 3 4 |  4.1
Shields        | 1 2 |  2.8
Stealth        | 1 2 3 4 |  4.6
Armour         | 1 2 |  2.6
Fire Magic     | 1 2 3 |  3.2
Hexes          | 4 5 |  5.0
Short Blades   | 2 |  2.9

Action                     |  1- 3 |  4- 6 |  7- 9 || total
---------------------------+-------+-------+-------++-------
  Melee: Dagger            |       |       |    46 ||    46
         Sling             |       |       |     2 ||     2
   Fire: Sling             |    73 |   194 |   340 ||   607
   Cast: Slow              |       |    13 |    14 ||    27
  Evoke: Wand              |       |       |     4 ||     4
    Use: Scroll            |     3 |    12 |     1 ||    16
         Potion            |       |       |    10 ||    10
 Armour: Robe              |     3 |    19 |    30 ||    52
         Skin              |       |       |     1 ||     1
  Dodge: Dodged            |    21 |    93 |   203 ||   317
  Block: Buckler           |     4 |    43 |    89 ||   136
